 Dungeon Crawl Stone Soup version 0.30-a0-1008-g30c9307041 (webtiles) character file.

Game seed: 12182865954145953196

52 PimpSugar the Magician (level 3, 0/37 HPs)
             Began as a Demonspawn Hedge Wizard on Apr 5, 2023.
             Succumbed to an orc wizard's poison
             ... on level 3 of the Dungeon.
             The game lasted 00:05:45 (1738 turns).

PimpSugar the Magician (Demonspawn Hedge Wizard)    Turns: 1738, Time: 00:05:46

Health: 0/37       AC:  7    Str: 10    XL:     3   Next: 60%
Magic:  5/7        EV: 12    Int: 17    God:
Gold:   134        SH:  0    Dex: 12    Spells: 2/8 levels left

rFire   + . .      SeeInvis .    q - staff of fire
rCold   . . .      Faith    .    (no shield)
rNeg    . . .      Spirit   .    b - +0 robe
rPois   .          Reflect  .    j - +0 helmet
rElec   .          Rampage  .    (no cloak)
rCorr   .                        (no gloves)
Will    .....                    i - +0 pair of boots Stlth
                                 (no amulet)
HPRegen 0.26/turn                (no ring)
MPRegen 0.10/turn                (no ring)

@: berserking, lethally poisoned (0 -> -4), attractive, very quick
A: yellow scales 2
a: no special abilities


You were on level 3 of the Dungeon.
You visited 1 branch of the dungeon, and saw 3 of its levels.

You collected 134 gold pieces.

Inventory:

Hand Weapons
 a - a +0 dagger
 k - a +0 sling
 o - a +1 dagger of draining
Missiles
 n - 13 stones
Armour
 b - a +0 robe (worn)
 c - a +0 hat
 i - a +0 pair of boots (worn)
 j - a +0 helmet (worn)
 l - a +2 chain mail of cold resistance
Magical Staves
 q - a staff of fire (weapon)
Jewellery
 t - a ring of ice
Scrolls
 e - 2 scrolls of immolation
 g - 2 scrolls of identify {unknown}
 h - a scroll of torment {unknown}
 m - a scroll of enchant weapon {unknown}
 p - 2 scrolls of vulnerability
Potions
 d - a potion of magic
 f - a potion of attraction
 s - a potion of heal wounds (quivered) {unknown}


   Skills:
 + Level 0.7 Fighting
 + Level 2.1 Dodging
 + Level 2.0 Stealth
 * Level 3.3 Spellcasting
 * Level 1.8 Conjurations
 + Level 1.5 Summonings
 + Level 1.3 Translocations


You had 2 spell levels left.
You knew the following spells:

 Your Spells              Type           Power      Damage    Failure   Level
a - Magic Dart            Conj           32%        1d4       9%          1
b - Call Imp              Summ           7%         N/A       14%         2
d - Slow                  Hex            8%         N/A       17%         1
e - Blink                 Tloc           14%        N/A       14%         2

Your spell library contained the following spells:

 Spells                   Type           Power      Damage    Failure   Level
 Cigotuvi's Dreadful Rot  Necr/Pois/Air  4%         N/A       26%         2
 Mephitic Cloud           Conj/Pois/Air  4%         N/A       36%         3


Dungeon Overview and Level Annotations

Branches:
Dungeon (3/15)

Altars:

Shops:
D:1 [


Innate Abilities, Weirdness & Mutations

You are mostly covered in yellow scales. (AC +3)


Message History

The orc hits you but does no damage.
Your crimson imp hits the orc.
You hit the orc.
The orc is severely wounded.
The orc wizard barely misses you. The orc hits you with a +0 mace.
The orc closely misses you.
Your crimson imp hits the orc.
You hit the orc but do no damage.
The orc is severely wounded.
The orc wizard hits you but does no damage.
The orc closely misses your crimson imp.
The orc hits you with a +0 club.
Your crimson imp closely misses the orc.
The orc hits you with a +0 club.
* * * LOW HITPOINT WARNING * * *
The orc closely misses your crimson imp.
The orc wizard hits you but does no damage.
You are lethally poisoned!
It was a potion of attraction.
You feel attractive to monsters.
* * * LOW HITPOINT WARNING * * *
You feel very sick.
Your crimson imp hits the orc.
The orc wizard barely misses you. The orc closely misses you.
The orc barely misses your crimson imp.
It was a potion of berserk rage.
A red film seems to cover your vision as you go berserk!
You feel yourself moving faster!
You feel mighty!
* * * LOW HITPOINT WARNING * * *
You feel sick.
Your crimson imp hits the orc.
The orc hits your crimson imp but does no damage.
The orc wizard casts a spell at you. You resist with significant effort.
The orc hits you with a +0 club.
* * * LOW HITPOINT WARNING * * *
Unknown command.
You completely miss the orc.
The orc is severely wounded.
* * * LOW HITPOINT WARNING * * *
You feel sick.
Your crimson imp blinks!
You closely miss the orc.
The orc is almost dead.
You die...

. .............. ..
.............. ...
#........... .. #.........
#.#### ######.......##.#
#....# ..........5...#.##
#.##.# .........ooo§#..##
#.##.#
###......@......#####.##..
#.#...........#...##......[.
...........†#......#.......#
...........<.....#.........#
###......###...........)...#
#......# ##.........).....
######## #....>.....#####
#..........# ############


You could see an orc wizard, 2 orcs and a friendly crimson imp (summoned).

Vanquished Creatures
  3 bats
  3 endoplasms
  A giant cockroach (D:2)
  2 goblins
  A hobgoblin (D:1)
  2 kobolds
  2 quokkas
  3 ball pythons (D:2)
  4 frilled lizards
  3 rats
24 creatures vanquished.

Vanquished Creatures (collateral kills)
  2 adders (D:2)
  A worm (D:2)
  An endoplasm (D:2)
  A giant cockroach (D:2)
  A hobgoblin (D:2)
6 creatures vanquished.

Grand Total: 30 creatures vanquished

Notes
Turn   | Place    | Note
-------+----------+-------------------------------------------
     0 | D:1      | PimpSugar the Demonspawn Hedge Wizard began the quest for
                  | the Orb.
     0 | D:1      | Reached XP level 1. HP: 13/13 MP: 4/4
   228 | D:1      | Reached skill level 1 in Translocations
   313 | D:1      | Found Yquicami's Armour Emporium.
   561 | D:1      | Gained mutation: You are partially covered in yellow
                  | scales. (AC +2) [demonic ancestry]
   561 | D:1      | Reached XP level 2. HP: 15/19 MP: 4/6
   722 | D:1      | Learned a level 2 spell: Call Imp
   725 | D:1      | Learned a level 2 spell: Blink
   727 | D:1      | Learned a level 1 spell: Slow
  1114 | D:2      | Gained mutation: You are mostly covered in yellow scales.
                  | (AC +3) [demonic ancestry]
  1114 | D:2      | Reached XP level 3. HP: 13/25 MP: 4/7
  1737 | D:3      | HP: 1/37 [poisoned by an orc wizard]
  1738 | D:3      | Succumbed to an orc wizard's poison

Illustrated notes

Levels and vault maps discovered:
D:1:      dpeg_arrival_court, layout_loops_ring, serial_shops, shop_fountains
D:2:      layout_basic, minmay_tromino_v7
D:3:      layout_rooms, goddamned_bats

Skill      XL: |  1  2 |
---------------+-------+-----
Translocations | 1 |  1.3
Stealth        | 2 |  2.0
Dodging        | 2 |  2.1
Fighting       | |  0.7
Spellcasting   | |  3.3
Conjurations   | |  1.8
Summonings     | |  1.5

Action                     || total
---------------------------++-------
  Melee: Dagger            ||    33
         Staff             ||    46
   Cast: Magic Dart        ||    25
         Call Imp          ||     4
    Use: Scroll            ||     2
         Potion            ||     2
   Stab: Sleeping          ||     1
 Armour: Robe              ||    37
  Dodge: Dodged            ||    81

Table legend: (Time is in decaauts)
 A = Elapsed time spent in this place.
 B = Non-inter-level travel time spent in this place.
 C = Inter-level travel time spent in this place.
 D = Time resting spent in this place.
 E = Time spent auto-exploring this place.
 F = Levels seen in this place.
 G = Mean time per level.
                   A        B        C        D        E       F      G
               +--------+--------+--------+--------+--------+-----+--------+
         Total |   1745 |   1620 |    125 |      0 |   1097 |   3 |  581.7 |
       Dungeon |   1745 |   1620 |    125 |      0 |   1097 |   3 |  581.7 |
               +--------+--------+--------+--------+--------+-----+--------+

Top non-repeatable levels by time:
     D:1: 844 daAuts
     D:2: 825 daAuts
     D:3: 75 daAuts
